 Dungeon Crawl Stone Soup version 0.32-a0-834-geaf45d8e21 (console) character file.

Game seed: 4430433640304935190

55043 jejorda2 the Spear-Bearer (level 14, -4/114 HPs)
             Began as a Gnoll Berserker on Mar 25, 2024.
             Was a High Priest of Trog.
             Killed from afar by a rime drake (20 damage)
             ... with an icy flash freeze
             ... on level 4 of the Lair of Beasts.
             The game lasted 00:51:13 (17958 turns).

jejorda2 the Spear-Bearer (Gnoll Berserker)        Turns: 17958, Time: 00:51:14

Health: -4/114     AC: 23    Str: 22    XL:     14   Next: 75%
Magic:  27/27      EV: 14    Int:  7    God:    Trog [*****.]
Gold:   1872       SH:  0    Dex: 11    Spells: 32/32 levels left

rFire   . . .        a - +5 glaive of the Guard {elec, spectral}
rCold   . . .        (shield currently unavailable)
rNeg    . . .        U - +2 plate armour {rPois}
rPois   +            (no helmet)
rElec   .            t - +0 cloak
rCorr   .            H - +0 pair of gloves
SInv    .            q - +2 pair of boots
Will    +++..        (no amulet) Stlth
                     J - ring of flight
HPRegen 1.39/turn    p - +5 ring of evasion
MPRegen 0.20/turn

%: no passive effects
@: strong-willed, on berserk cooldown, flying, regenerating
A: fangs 1, strong nose, distributed training
a: Renounce Religion, Berserk, Trog's Hand, Brothers in Arms


You were on level 4 of the Lair of Beasts.
You worshipped Trog.
Trog was extremely pleased with you.
You visited 2 branches of the dungeon, and saw 16 of its levels.
You also visited: Sewer, Ossuary and Bailey.

You collected 3668 gold pieces.
You spent 1796 gold pieces at shops.

Inventory:

Hand Weapons
 a - the +5 glaive of the Guard (weapon) {elec, spectral}
   (You found it in a bailey)
 b - the +6 shillelagh "Devastator" {shatter}
   (You found it on level 11 of the Dungeon)
Missiles
 e - 21 poisoned darts
 g - 3 atropa-tipped darts
 A - 30 boomerangs (quivered)
 B - 6 throwing nets
 F - 14 curare-tipped darts
 L - 11 javelins
Armour
 l - a +1 plate armour of cold resistance
 q - a +2 pair of boots (worn)
 t - a +0 cloak (worn)
 y - a +3 chain mail of fire resistance
 H - a +0 pair of gloves (worn)
 U - a +2 plate armour of poison resistance (worn)
Jewellery
 m - a ring of see invisible
 p - a +5 ring of evasion (right hand)
 s - a ring of resist corrosion
 J - a ring of flight (left hand)
 O - a ring of ice
 T - a ring of fire
Wands
 k - a wand of warping (18)
 w - a wand of polymorph (12)
 G - a wand of digging (9)
 I - a wand of mindburst (33)
 K - a wand of flame (47)
Scrolls
 c - 9 scrolls of teleportation
 d - a scroll of poison
 f - 4 scrolls of immolation
 r - 5 scrolls of identify
 x - 3 scrolls of enchant weapon
 D - 2 scrolls of fear
 E - 2 scrolls of enchant armour
 N - 2 scrolls of fog
 P - a scroll of silence
 Q - a scroll of revelation
Potions
 h - 4 potions of mutation
 i - 9 potions of attraction
 j - 2 potions of might
 n - a potion of cancellation
 o - 9 potions of haste
 u - 4 potions of heal wounds
 v - 4 potions of invisibility
 z - a potion of curing
 C - a potion of lignification
 M - 3 potions of enlightenment
 R - a potion of ambrosia
Miscellaneous
 S - a phial of floods


   Skills:
 + Level 11.7 Fighting
 + Level 9.7 Short Blades
 + Level 9.7 Long Blades
 + Level 9.7 Axes
 + Level 9.7 Maces & Flails
 + Level 11.7 Polearms
 + Level 9.7 Staves
 + Level 9.7 Ranged Weapons
 + Level 9.7 Throwing
 + Level 10.8 Armour
 + Level 10.8 Dodging
 + Level 9.7 Stealth
 + Level 9.7 Shields
 + Level 9.7 Unarmed Combat
 + Level 9.7 Spellcasting
 + Level 8.1 Conjurations
 + Level 8.1 Hexes
 + Level 8.1 Summonings
 + Level 8.1 Necromancy
 + Level 8.1 Translocations
 + Level 8.1 Fire Magic
 + Level 8.1 Ice Magic
 + Level 8.1 Air Magic
 + Level 8.1 Earth Magic
 + Level 8.1 Alchemy
 + Level 10.6 Invocations
 + Level 9.7 Evocations
 + Level 8.9 Shapeshifting


You had 32 spell levels left.
You didn't know any spells.
Your spell library was empty.

Dungeon Overview and Level Annotations

Branches:
Dungeon (12/15)            Temple (0/1) D:5            Lair (4/5) D:9
 Shoals (0/4) Lair:2       Spider (0/4) Lair:2          Orc (0/2) D:12
  Sewer (visited)         Ossuary (visited)          Bailey (visited)
  Slime: Lair:4-5

Altars:
Ashenzari
Cheibriados
Dithmenos
Elyvilon
Fedhas
Kikubaaqudgha
Makhleb
Qazlal
Sif Muna
Wu Jian
Yredelemnul
The Shining One

Shops:
D:7 [   D:8 ?   D:11 [

Portals:
Trove: D:10 (give 12 potions of heal wounds)

Annotations:
D:8 1 transporter


Innate Abilities, Weirdness & Mutations

You have very sharp teeth.
Your uncanny sense of smell can sniff out nearby items.
Your experience applies equally to all skills.


Message History

The polar bear goes berserk!
The blink frog blinks!
The polar bear misses you. x2
The polar bear closely misses you.
You slice the polar bear!!
Lightning courses through the polar bear!
You kill the polar bear!
Trog accepts your kill.
Your +5 glaive of the Guard {elec, spectral} disappears.
You feel yourself speed up. The blink frog barely misses you.
You closely miss the blink frog.
The blink frog is heavily wounded.
Your +5 glaive of the Guard {elec, spectral} hits the blink frog from afar!
The blink frog hits you but does no damage.
You hit the komodo dragon but do no damage.
Lightning courses through the komodo dragon!
You bite the komodo dragon.
The komodo dragon is moderately wounded.
Your +5 glaive of the Guard {elec, spectral} hits the komodo dragon but does no damage.
The komodo dragon completely misses you.
You hit the komodo dragon.
The komodo dragon is moderately wounded.
Your +5 glaive of the Guard {elec, spectral} hits the komodo dragon from afar.
The komodo dragon bites you!
* * * LOW HITPOINT WARNING * * *
Unknown command.
You barely miss the komodo dragon.
You bite the komodo dragon, but do no damage.
The komodo dragon is heavily wounded.
Your +5 glaive of the Guard {elec, spectral} hits the komodo dragon from afar!
The komodo dragon bites you!
* * * LOW HITPOINT WARNING * * *
You hit the komodo dragon but do no damage.
The komodo dragon is severely wounded.
Your +5 glaive of the Guard {elec, spectral} hits the komodo dragon from afar!
Lightning courses through the komodo dragon!!
You kill the komodo dragon!
Trog accepts your kill. The rime drake breathes ice at you.
The icy flash freeze hits you!!
You die...

.................#
.#..#.#..#.......####
###..##...P..#..#
#P...#.#.#.....#
#...#..........#
####..............#
...P.....#.........#
...........####....#
.........(@## #...##
#....PP####.###...##
.........hF#k#.....#
..........lFF##...###
....................#
...........#)......#
.................
.................
.................


You could see a rime drake (catching breath), a bullfrog and a friendly +5
glaive of the Guard {elec, spectral}.

Vanquished Creatures
  A fire dragon (D:11)
  3 hydras
  The ghost of Chish the Spear-Bearer, a journeyman FoFi of Hepliaklqana (D:11)
  6 two-headed ogres
  4 death yaks (Lair:4)
  2 boulder beetles
  The ghost of ezpacito the Trooper, a novice CoCK of Xom (D:7)
  3 skeletal warriors (D:12)
  A swamp dragon (D:11)
  A wolf spider (D:11)
  2 ugly things
  3 manticores
  4 cyclopes
  A meliai (shapeshifter) (D:11)
  A black mamba (Lair:3)
  3 elephants (Lair:4)
  3 gargoyles
  7 cane toads
  2 rime drakes (Lair:2)
  2 unseen horrors (D:11)
  2 kobold demonologists (D:11)
  9 komodo dragons
  A polar bear (Lair:4)
  A troll (D:9)
  A wind drake (Lair:2)
  A hornet (D:9)
  Grinder (D:6)
  4 blink frogs
  A jumping spider (Lair:2)
  4 slime creatures
  3 culicivoras (Lair:2)
  3 shadows (D:11)
  3 wyverns
  A wraith (D:11)
  Grum (D:7)
  2 basilisks
  24 yaks
  5 vampire mosquitoes
  3 steam dragons
  A redback (Lair:2)
  15 water moccasins
  13 orc warriors
  A sky beast (D:7)
  2 black bears
  An ice beast (D:7)
  A crocodile (Sewer)
  4 ogres
  A boggart (D:11)
  10 wolves
  A black mamba simulacrum (Lair:2)
  9 centaurs
  3 phantoms
  A brain worm (Sewer)
  2 elf zombies (Ossuary)
  8 kobold brigands
  8 bullfrogs
  3 gnoll sergeants
  2 scorpions (D:4)
  7 wights
  23 killer bees
  3 howler monkeys
  An electric eel (D:7)
  3 centaur zombies (Ossuary)
  A jelly (D:5)
  3 orc priests
  A water moccasin simulacrum (Lair:2)
  Crazy Yiuf (D:3)
  2 bombardier beetles
  12 hounds
  3 gnoll boudas
  5 iguanas
  14 orc wizards
  A sleepcap (D:4)
  A yak simulacrum (Lair:2)
  6 hell rats (Lair:4)
  4 hound zombies (Ossuary)
  2 mummies (Ossuary)
  30 gnolls
  10 adders
  3 river rats (Sewer)
  A white imp (D:7)
  8 ufetubi
  6 adder zombies (Ossuary)
  4 dart slugs
  39 orcs
  7 bats
  8 endoplasms
  2 giant cockroaches
  11 goblins
  6 hobgoblins
  11 jackals
  2 quokkas
  13 ball pythons
  7 frilled lizards
  7 gnoll zombies (Ossuary)
  4 jackal zombies (Ossuary)
  30 kobolds
  4 kobold zombies (Ossuary)
  7 orc zombies (Ossuary)
  12 rats
532 creatures vanquished.

Vanquished Creatures (collateral kills)
  An orc warlord (Bailey)
  The ghost of runemasterragnar the Skirmisher, a journeyman CoHu of Okawaru (Lair:2)
  A rime drake (Lair:2)
  A hydra simulacrum (Lair:2)
  A skyshark simulacrum (Lair:2)
  A water moccasin simulacrum (Lair:2)
6 creatures vanquished.

Vanquished Creatures (others)
  A gnoll (D:7)
  11 spectral weapons
12 creatures vanquished.

Grand Total: 550 creatures vanquished

Notes
Turn   | Place    | Note
-------+----------+-------------------------------------------
     0 | D:1      | jejorda2 the Gnoll Berserker began the quest for the Orb.
     0 | D:1      | Reached XP level 1. HP: 23/23 MP: 1/1
   160 | D:1      | Reached XP level 2. HP: 29/29 MP: 2/2
   744 | D:1      | Reached XP level 3. HP: 35/35 MP: 3/3
   936 | D:2      | Reached ** piety under Trog
  1005 | D:2      | Reached skill level 1 in Invocations
  1131 | D:2      | Reached skill level 1 in Short Blades
  1131 | D:2      | Reached skill level 1 in Long Blades
  1131 | D:2      | Reached skill level 1 in Axes
  1131 | D:2      | Reached skill level 1 in Maces & Flails
  1131 | D:2      | Reached skill level 1 in Staves
  1131 | D:2      | Reached skill level 1 in Ranged Weapons
  1131 | D:2      | Reached skill level 1 in Throwing
  1131 | D:2      | Reached skill level 1 in Stealth
  1131 | D:2      | Reached skill level 1 in Shields
  1131 | D:2      | Reached skill level 1 in Unarmed Combat
  1131 | D:2      | Reached skill level 1 in Spellcasting
  1131 | D:2      | Reached skill level 1 in Evocations
  1394 | D:3      | Reached skill level 1 in Shapeshifting
  1394 | D:3      | Reached XP level 4. HP: 41/41 MP: 5/5
  1400 | D:3      | Reached skill level 1 in Conjurations
  1400 | D:3      | Reached skill level 1 in Hexes
  1400 | D:3      | Reached skill level 1 in Summonings
  1400 | D:3      | Reached skill level 1 in Necromancy
  1400 | D:3      | Reached skill level 1 in Translocations
  1400 | D:3      | Reached skill level 1 in Fire Magic
  1400 | D:3      | Reached skill level 1 in Ice Magic
  1400 | D:3      | Reached skill level 1 in Air Magic
  1400 | D:3      | Reached skill level 1 in Earth Magic
  1400 | D:3      | Reached skill level 1 in Alchemy
  1506 | D:3      | Reached XP level 5. HP: 47/47 MP: 7/7
  1849 | D:3      | Found a runed translucent door.
  1850 | D:3      | Noticed Crazy Yiuf
  1860 | D:3      | Killed Crazy Yiuf
  2310 | D:3      | Found a shimmering blue altar of Sif Muna.
  2503 | D:4      | Noticed a phantom
  2524 | D:4      | Killed a phantom
  2525 | D:4      | Reached skill level 5 in Armour
  2525 | D:4      | Reached skill level 5 in Dodging
  2525 | D:4      | Reached XP level 6. HP: 53/53 MP: 7/9
  3151 | D:4      | Reached XP level 7. HP: 35/59 MP: 10/10
  3401 | D:5      | Entered Level 5 of the Dungeon
  3452 | D:5      | Identified a scroll of acquirement
  3452 | D:5      | Acquired 487 gold pieces
  3461 | D:5      | Reached XP level 8. HP: 67/67 MP: 12/12
  3483 | D:5      | Found a staircase to the Ecumenical Temple.
  3540 | D:5      | Reached *** piety under Trog
  3562 | D:5      | Found a glowing drain.
  3575 | Sewer    | Entered a sewer
  5113 | D:6      | Found an ancient bone altar of Kikubaaqudgha.
  5208 | D:6      | Reached XP level 9. HP: 71/73 MP: 14/14
  5446 | D:6      | Noticed Grinder
  5446 | D:6      | Paralysed by Grinder for 3 turns
  5460 | D:6      | Killed Grinder
  6058 | D:7      | Noticed Grum
  6067 | D:7      | Killed Grum
  6068 | D:7      | Reached skill level 5 in Invocations
  6116 | D:7      | Found a sand-covered staircase.
  6120 | D:7      | Found Niagual's Antique Armour Shop.
  6132 | Ossuary  | Entered an ossuary
  6162 | Ossuary  | Reached **** piety under Trog
  6544 | D:7      | Reached skill level 5 in Short Blades
  6544 | D:7      | Reached skill level 5 in Long Blades
  6544 | D:7      | Reached skill level 5 in Axes
  6544 | D:7      | Reached skill level 5 in Maces & Flails
  6544 | D:7      | Reached skill level 5 in Staves
  6544 | D:7      | Reached skill level 5 in Ranged Weapons
  6544 | D:7      | Reached skill level 5 in Throwing
  6544 | D:7      | Reached skill level 5 in Stealth
  6544 | D:7      | Reached skill level 5 in Shields
  6544 | D:7      | Reached skill level 5 in Unarmed Combat
  6544 | D:7      | Reached skill level 5 in Spellcasting
  6544 | D:7      | Reached skill level 5 in Evocations
  6544 | D:7      | Reached XP level 10. HP: 81/81 MP: 17/17
  6651 | D:7      | Found a runed translucent door.
  6651 | D:7      | Noticed ezpacito's ghost (novice CoCK)
  6684 | D:7      | Killed ezpacito's ghost
  6750 | D:7      | Found an ornate altar of the Wu Jian Council.
  6782 | D:7      | Found a burning altar of Makhleb.
  6946 | D:7      | Reached ***** piety under Trog
  6972 | D:7      | Reached skill level 5 in Shapeshifting
  7188 | D:7      | Found a shadowy altar of Dithmenos.
  7349 | D:7      | Found a snail-covered altar of Cheibriados.
  7350 | D:7      | Found a glowing golden altar of the Shining One.
  7382 | D:7      | Bought a runed plate armour for 910 gold pieces
  7498 | D:8      | Found a flagged portal.
  7506 | Bailey   | Entered a bailey
  7511 | Bailey   | Noticed an orc warlord
  7511 | Bailey   | Found the +5 glaive of the Guard {elec, spectral}
  7621 | Bailey   | Found a runed translucent gate.
  7623 | Bailey   | Found a runed translucent gate.
  7625 | Bailey   | Found a runed translucent gate.
  7762 | Bailey   | Killed an orc warlord
  7952 | D:8      | Found a white marble altar of Elyvilon.
  7979 | D:8      | Reached skill level 5 in Conjurations
  7979 | D:8      | Reached skill level 5 in Hexes
  7979 | D:8      | Reached skill level 5 in Summonings
  7979 | D:8      | Reached skill level 5 in Necromancy
  7979 | D:8      | Reached skill level 5 in Translocations
  7979 | D:8      | Reached skill level 5 in Fire Magic
  7979 | D:8      | Reached skill level 5 in Ice Magic
  7979 | D:8      | Reached skill level 5 in Air Magic
  7979 | D:8      | Reached skill level 5 in Earth Magic
  7979 | D:8      | Reached skill level 5 in Alchemy
  7982 | D:8      | Found Leywk's Magic Scroll Boutique.
  7995 | D:8      | Found a transporter.
  7999 | D:8      | Found a stormy altar of Qazlal.
  8014 | D:8      | Reached XP level 11. HP: 89/89 MP: 20/20
  8749 | D:9      | Found a broken altar of Ashenzari.
  8761 | D:9      | Found a basalt altar of Yredelemnul.
  8830 | D:9      | Noticed a cyan ugly thing
  8831 | D:9      | Found a runed translucent door.
  8849 | D:9      | Killed a cyan ugly thing
  9199 | D:9      | Found a staircase to the Lair.
  9338 | D:10     | Entered Level 10 of the Dungeon
  9338 | D:10     | Noticed a two-headed ogre
  9341 | D:10     | Killed a two-headed ogre
  9343 | D:10     | Noticed a two-headed ogre
  9347 | D:10     | Killed a two-headed ogre
  9511 | D:10     | Found a portal to a secret trove of treasure.
  9515 | D:10     | Reached skill level 10 in Fighting
  9515 | D:10     | Reached skill level 10 in Polearms
  9515 | D:10     | Reached XP level 12. HP: 97/97 MP: 21/23
 10512 | D:11     | Found a transporter.
 10847 | D:11     | Noticed a two-headed ogre
 10848 | D:11     | Noticed a boulder beetle
 10863 | D:11     | Killed a two-headed ogre
 10921 | D:11     | Noticed a two-headed ogre
 10929 | D:11     | Killed a two-headed ogre
 10930 | D:11     | Reached XP level 13. HP: 67/103 MP: 24/24
 11058 | D:11     | Found the +6 shillelagh "Devastator" {shatter}
 11120 | D:11     | Noticed Chish's ghost (journeyman FoFi)
 11236 | D:11     | Received a gift from Trog
 11254 | D:11     | Noticed a fire dragon
 11277 | D:11     | Killed a fire dragon
 11520 | D:11     | Acquired 1200 gold pieces
 11525 | D:11     | Found Xuaxaf's Armour Boutique.
 11583 | D:11     | Found a transporter.
 12328 | D:11     | Killed Chish's ghost
 12594 | D:8      | Bought a scroll of acquirement for 624 gold pieces
 12595 | D:8      | Acquired 556 gold pieces
 12659 | D:7      | Bought a glowing chain mail for 262 gold pieces
 13011 | D:12     | HP: 4/157 [orc warrior/+0 battleaxe (6)]
 13011 | D:12     | HP: 1/157 [cyclops (3)]
 13346 | D:12     | Found a blossoming altar of Fedhas.
 13420 | D:12     | Reached skill level 10 in Armour
 13420 | D:12     | Reached skill level 10 in Dodging
 13559 | D:12     | Found a staircase to the Orcish Mines.
 13940 | Lair:1   | Entered Level 1 of the Lair of Beasts
 14279 | Lair:1   | Reached XP level 14. HP: 113/113 MP: 25/27
 14307 | Lair:1   | Received a gift from Trog
 15175 | Lair:2   | Reached skill level 10 in Invocations
 15515 | Lair:2   | Found a hole to the Spider Nest.
 15559 | Lair:2   | Noticed runemasterragnar's ghost (journeyman CoHu)
 15590 | Lair:2   | Found a runed translucent gate.
 15590 | Lair:2   | Found a runed translucent gate.
 15590 | Lair:2   | Found a runed translucent gate.
 15615 | Lair:2   | Killed runemasterragnar's ghost
 15927 | Lair:2   | Found a staircase to the Shoals.
 17883 | Lair:4   | Identified the +2 trident of the Equinox {flame, rElec
                  | Dex-3 SInv}
 17958 | Lair:4   | Killed from afar by a rime drake

Illustrated notes

Levels and vault maps discovered:
D:1:      dpeg_arrival_arbitrary_b, layout_loops_corners
D:2:      layout_rooms, minmay_3d_cube
D:3:      layout_loops_corners, lemuel_blue_sif_altar, minmay_quadrilaterals,
          uniq_crazy_yiuf_cottage
D:4:      layout_basic, skrybe_limestone_x
D:5:      layout_cave_pools, minmay_temple_entry_wispy, portal_sewer_entry_d
D:6:      layout_cave_pods, nicolae_kikubaaqudgha_miasma_corner, uniq_grinder
D:7:      layout_cave_pools, grunt_dithmenos_shadows,
          gammafunk_temple_overflow_pools, mainiacjoe_overflow_two_lobes,
          enter_ossuary_1, serial_gnoll_camp, gnoll_camp_mini_loothouse,
          gnoll_camp_huts_moat, gnoll_camp_mini_shop, grums_kennel,
          gammafunk_ghost_grave
D:8:      layout_basic, lemuel_doored_altar, lemuel_crystal_altar, serial_shops,
          shop, enter_bailey_3, nicolae_diode_basic
D:9:      layout_basic, mainiacjoe_overflow_large_starburst,
          david_lair_shrubbed, serial_bayou_pond_a, grunt_decor_junction,
          minmay_st_funbox
D:10:     layout_layer_cave, nicolae_trove_entry_crossroad
D:11:     minmay_the_grid_3x2 [minmay_the_grid_outer_circle,
          minmay_the_grid_outer_diamond, minmay_the_grid_zigzag_pyramid,
          minmay_the_grid_dragon_b, minmay_the_grid_odd_star,
          minmay_the_grid_prize_big_room], layout_long_grid,
          gammafunk_ghost_arena, serial_shops, nicolae_shop_waterfront,
          dilly_guarded_unrand_devastator
D:12:     layout_layer_cave, erik_orc_3, fedhas_altar_1
Lair:1:   layout_layer_cave
Lair:2:   layout_roguey, minmay_shoals_entry_beasts,
          nicolae_spider_entry_tight_spaces, gammafunk_ghost_icy
Lair:3:   beast_lair_carwin_large_2, layout_cave_pods, grunt_megastairs_4
Lair:4:   layout_gridlike, minmay_slime_entry_eyes, grunt_megastairs_3

Skill      XL: |  1  2  3  4  5  6  7  8  9 10 11 12 13 14 |
---------------+-------------------------------------------+-----
Invocations    | 1 2 3 4 5 6 8 9 10 | 10.6
Short Blades   | 1 2 3 5 6 7 9 |  9.7
Long Blades    | 1 2 3 5 6 7 9 |  9.7
Axes           | 1 2 3 5 6 7 9 |  9.7
Maces & Flails | 1 2 3 5 6 7 9 |  9.7
Staves         | 1 2 3 5 6 7 9 |  9.7
Ranged Weapons | 1 2 3 5 6 7 9 |  9.7
Throwing       | 1 2 3 5 6 7 9 |  9.7
Stealth        | 1 2 3 5 6 7 9 |  9.7
Shields        | 1 2 3 5 6 7 9 |  9.7
Unarmed Combat | 1 2 3 5 6 7 9 |  9.7
Spellcasting   | 1 2 3 5 6 7 9 |  9.7
Evocations     | 1 2 3 5 6 7 9 |  9.7
Shapeshifting  | 1 2 3 4 5 6 7 8 |  8.9
Conjurations   | 1 2 3 4 5 6 7 8 |  8.1
Hexes          | 1 2 3 4 5 6 7 8 |  8.1
Summonings     | 1 2 3 4 5 6 7 8 |  8.1
Necromancy     | 1 2 3 4 5 6 7 8 |  8.1
Translocations | 1 2 3 4 5 6 7 8 |  8.1
Fire Magic     | 1 2 3 4 5 6 7 8 |  8.1
Ice Magic      | 1 2 3 4 5 6 7 8 |  8.1
Air Magic      | 1 2 3 4 5 6 7 8 |  8.1
Earth Magic    | 1 2 3 4 5 6 7 8 |  8.1
Alchemy        | 1 2 3 4 5 6 7 8 |  8.1
Armour         | 5 6 7 8 9 10 | 10.8
Dodging        | 5 6 7 8 9 10 | 10.8
Fighting       | 7 8 9 10 11 | 11.7
Polearms       | 7 8 9 10 11 | 11.7

Action                     |  1- 3 |  4- 6 |  7- 9 | 10-12 | 13-15 || total
---------------------------+-------+-------+-------+-------+-------++-------
  Melee: Spear             |   135 |   141 |    38 |   102 |       ||   416
         Bite              |    16 |    19 |    43 |    23 |    43 ||   144
         Battleaxe         |       |       |   375 |    85 |       ||   460
         Mace              |       |       |     2 |       |       ||     2
         Halberd           |       |       |    20 |       |       ||    20
         Glaive            |       |       |       |   152 |   429 ||   581
         Shillelagh        |       |       |       |       |     8 ||     8
  Throw: Dart              |       |       |     5 |       |       ||     5
         Boomerang         |       |       |       |    10 |    23 ||    33
 Invoke: Berserk           |     1 |     3 |     5 |     8 |    12 ||    29
         Trog's Hand       |       |       |     6 |     5 |     7 ||    18
         Brothers in Arms  |       |       |       |     1 |     1 ||     2
  Evoke: Wand              |       |       |       |       |     1 ||     1
    Use: Scroll            |       |       |    19 |    12 |     6 ||    37
         Potion            |       |       |       |     1 |     2 ||     3
   Stab: Sleeping          |     2 |       |       |       |       ||     2
         Invisible         |       |       |     1 |       |       ||     1
         Distracted        |       |       |       |     2 |     6 ||     8
 Armour: Animal skin       |    39 |       |       |       |       ||    39
         Chain mail        |     5 |    34 |   412 |    88 |       ||   539
         Plate armour      |       |       |       |   185 |   367 ||   552
  Dodge: Dodged            |    29 |    42 |   519 |   274 |   333 ||  1197
  Block: Kite shield       |       |       |       |    38 |       ||    38

Table legend: (Time is in decaauts)
 A = Elapsed time spent in this place.
 B = Non-inter-level travel time spent in this place.
 C = Inter-level travel time spent in this place.
 D = Time resting spent in this place.
 E = Time spent auto-exploring this place.
 F = Levels seen in this place.
 G = Mean time per level.
                   A        B        C        D        E       F      G
               +--------+--------+--------+--------+--------+-----+--------+
         Total |  18655 |  17915 |    740 |   1518 |  12390 |  19 |  981.8 |
       Dungeon |  12746 |  12120 |    626 |    811 |   8800 |  12 | 1062.2 |
          Lair |   4076 |   3962 |    114 |    629 |   2777 |   4 | 1019.0 |
         Sewer |   1171 |   1171 |      0 |     71 |    649 |   1 | 1171.0 |
       Ossuary |    261 |    261 |      0 |      0 |     69 |   1 |  261.0 |
        Bailey |    400 |    400 |      0 |      6 |     95 |   1 |  400.0 |
               +--------+--------+--------+--------+--------+-----+--------+

Top non-repeatable levels by time:
    D:11: 2080 daAuts
  Lair:2: 1563 daAuts
    D:10: 1412 daAuts
     D:7: 1281 daAuts
     D:6: 1219 daAuts
   Sewer: 1171 daAuts
  Lair:1: 1169 daAuts
  Lair:3: 1126 daAuts
     D:3: 1110 daAuts
    D:12: 1075 daAuts
     D:8: 955 daAuts
     D:4: 908 daAuts
     D:1: 906 daAuts
     D:9: 768 daAuts
     D:5: 585 daAuts
